 Dungeon Crawl Stone Soup version 0.24.0-13-gcf9b319 (webtiles) character file.

Game seed: 13159592094506406626, levelgen mode: deterministic

142 Bronimir the Firebug (level 5, -14/46 HPs)
             Began as an Ogre Fire Elementalist on Apr 26, 2020.
             Was an Initiate of Okawaru.
             Killed by divine providence
             ... invoked by an orc priest
              (17 damage)
             ... on level 3 of the Dungeon on Apr 28, 2020.
             The game lasted 00:14:05 (3248 turns).

Bronimir the Firebug (Ogre Fire Elementalist)       Turns: 3248, Time: 00:14:05

Health: -14/46     AC:  4    Str: 12    XL:     5   Next: 24%
Magic:  7/10       EV: 10    Int: 17    God:    Okawaru [......]
Gold:   166        SH:  0    Dex:  9    Spells: 1/11 levels left

rFire    . . .     SeeInvis .   a - +0 flail
rCold    . . .     Gourm    .   (no shield)
rNeg     . . .     Faith    .   j - +0 robe
rPois    .         Spirit   .   (helmet restricted)
rElec    .         Reflect  .   x - +0 cloak
rCorr    .         Harm     .   (gloves unavailable)
MR       .....                  (boots unavailable)
Stlth    +.........             (no amulet)
HPRegen  0.15/turn              (no ring)
MPRegen  0.12/turn              (no ring)

@: no status effects
A: large, unfitting armour, tough skin 1
a: Renounce Religion


You were on level 3 of the Dungeon.
You worshipped Okawaru.
Okawaru was noncommittal.
You were very hungry.

You visited 1 branch of the dungeon, and saw 3 of its levels.

You collected 166 gold pieces.

Inventory:

Hand Weapons
 a - a +0 flail (weapon)
 q - a +0 hand axe
 u - a +0 mace
Missiles
 b - 91 stones (quivered)
 h - 47 bolts
 r - 28 sling bullets
Armour
 j - a +0 robe (worn)
 x - a +0 cloak (worn)
Jewellery
 i - a cursed amulet of inaccuracy {unknown}
 v - a +5 amulet of reflection {unknown}
Scrolls
 e - 2 scrolls of immolation {unknown}
 f - 2 scrolls of enchant weapon {unknown}
 l - a scroll of teleportation {unknown}
 m - a scroll of remove curse {unknown}
 o - a scroll of noise {unknown}
 p - a scroll of enchant armour {unknown}
 w - a scroll of identify {unknown}
Potions
 d - 2 potions of curing {unknown}
 g - a potion of heal wounds {unknown}
 k - a potion of haste {unknown}
 n - a potion of lignification {unknown}
 s - a potion of might {unknown}
 t - a potion of mutation {unknown}
Comestibles
 c - 8 rations


   Skills:
 * Level 0.9 Fighting
 * Level 2.2 Dodging
 - Level 1.5 Stealth
 * Level 3.8 Spellcasting
 * Level 1.7 Conjurations
 * Level 3.8 Fire Magic


You had one spell level left.
You knew the following spells:

 Your Spells              Type           Power        Failure   Level  Hunger
a - Flame Tongue          Conj/Fire      ##...        4%          1    None
b - Throw Flame           Conj/Fire      ##....       8%          2    ##.....
c - Conjure Flame         Conj/Fire      ##......     16%         3    ###....
d - Sticky Flame          Conj/Fire      ##......     45%         4    ####...

Your spell library contained the following spells:

 Spells                   Type           Power        Failure   Level  Hunger
 Magic Dart               Conj           #...         8%          1    None
 Inner Flame              Hex/Fire       #.......     22%         3    ###....
 Blink                    Tloc           N/A          24%         2    ##.....
 Call Imp                 Summ           #.......     24%         2    ##.....
 Slow                     Hex            #.......     24%         2    ##.....
 Mephitic Cloud           Conj/Pois/Air  #.......     36%         3    ###....
 Fireball                 Conj/Fire      ##........   80%         5    ######.


Dungeon Overview and Level Annotations

Branches:
Dungeon (3/15)

Altars:
Dithmenos
Elyvilon
Gozag
Okawaru
Qazlal
Ru
Uskayaw
Zin
The Shining One

Annotations:
D:2 2 transporters


Innate Abilities, Weirdness & Mutations

You are too large for most types of armour.
You have tough skin. (AC +1)


Message History

The flame tongue hits the orc!
You kill the orc!
Okawaru accepts your kill.
The orc priest calls down the wrath of Beogh upon you.
Beogh smites you!
You hear a shout! x2
Casting: Flame Tongue (safe; 5% risk of failure)
Confirm with . or Enter, or press ? or * to list all spells.
Aiming: Flame Tongue (safe; 5% risk of failure)
Press: ? - help, Shift-Dir - straight line, f - orc
Aim: an orc, wielding a +2 hand axe of flaming The flame tongue hits the orc!
You kill the orc!
Okawaru accepts your kill.
The orc priest invokes the aid of Beogh against you.
Beogh smites you!
* * * LOW HITPOINT WARNING * * *
The orc priest mumbles some strange prayers to Beogh against you.
Beogh smites you!
You die...

## #### #. ...# #.
...### #. ### .....#
#. #.. .....# #. #.#
.....# ### #.
#.####)..#####_## #.
#..@o).....##...###.
#.#####o.###8...8##.
#.#####.## #...# #.
#......... ##.#####
##### #.#####<##
##'#≈###
##...#########.#
#≈...'.#
...>...........#
##'#≈#..
##...##.######.#
##.#####
###.##...###...#
#...####


You could see an orc priest and an orc.

Vanquished Creatures
  A scorpion (D:2)
  A gnoll (D:1)
  An ooze (D:1)
  2 worms
  4 dart slugs
  9 orcs (D:3)
  A ball python (D:3)
  2 giant cockroaches (D:1)
  6 goblins
  2 hobgoblins (D:1)
  4 jackals
  2 quokkas
  12 bats
  4 frilled lizards (D:1)
  4 kobolds
  2 rats (D:1)
57 creatures vanquished.

Notes
Turn   | Place    | Note
-------+----------+-------------------------------------------
     0 | D:1      | Bronimir the Ogre Fire Elementalist began the quest for the
                  | Orb.
     0 | D:1      | Reached XP level 1. HP: 16/16 MP: 3/3
   317 | D:1      | Reached XP level 2. HP: 20/24 MP: 1/5
   478 | D:1      | Reached skill level 1 in Conjurations
   718 | D:1      | Learned a level 2 spell: Throw Flame
   729 | D:1      | Reached XP level 3. HP: 31/31 MP: 4/7
  1313 | D:2      | Found a glowing silver altar of Zin.
  1315 | D:2      | Noticed a scorpion
  1317 | D:2      | Found a transporter.
  1367 | D:2      | Found a transporter.
  1612 | D:2      | Learned a level 3 spell: Conjure Flame
  1700 | D:2      | Reached XP level 4. HP: 39/39 MP: 3/8
  2247 | D:2      | Found a white marble altar of Elyvilon.
  2448 | D:3      | Found a shadowy altar of Dithmenos.
  2492 | D:3      | Found a glowing golden altar of the Shining One.
  2499 | D:3      | Found a sacrificial altar of Ru.
  2600 | D:3      | Reached XP level 5. HP: 46/46 MP: 5/10
  2606 | D:3      | Learned a level 4 spell: Sticky Flame
  3174 | D:3      | Found a stormy altar of Qazlal.
  3179 | D:3      | Found an iron altar of Okawaru.
  3180 | D:3      | Found a hide-covered altar of Uskayaw.
  3182 | D:3      | Found an opulent altar of Gozag.
  3202 | D:3      | Became a worshipper of Warmaster Okawaru
  3248 | D:3      | Killed from afar by an orc priest

Levels and vault maps discovered:
D:1:      saegor_arrival_simple_d, layout_loops_ring
D:2:      layout_loops_ring, gammafunk_temple_overflow_arena,
          nicolae_overflow_hidden_temple
D:3:      layout_loops_ring, minitemple, nicolae_dithmenos_shadow_blocks,
          amethyst_overflow_temple_binary

Skill      XL: |  1  2  3 |
---------------+----------+-----
Fire Magic     | 3 |  3.8
Conjurations   | 1 |  1.7
Spellcasting   | 3 |  3.8
Dodging        | 2 |  2.2
Fighting       | |  0.9
Stealth        | |  1.5

Action                   |  1- 3 |  4- 6 || total
-------------------------+-------+-------++-------
Melee: Unarmed           |     2 |       ||     2
       Mace              |     4 |     1 ||     5
       Flail             |       |     6 ||     6
 Cast: Flame Tongue      |    68 |    49 ||   117
  Eat: Chunk             |     3 |     3 ||     6
Armor: Robe              |    27 |    12 ||    39
Dodge: Dodged            |    36 |    27 ||    63
